 Dungeon Crawl Stone Soup version 0.17-a0-1468-gbf503c2 (webtiles) character file.

26 Sirial the Magician (level 2, 0/23 HPs)
             Began as a Draconian Wanderer on July 1, 2015.
             Slain by a worm (4 damage)
             ... on level 2 of the Dungeon.
             The game lasted 00:03:13 (676 turns).

Sirial the Magician (Draconian Wanderer)             Turns: 676, Time: 00:03:13

Health: 0/23       AC:  4    Str: 15    XL:     2   Next: 89%
Magic:  5/6        EV: 11    Int: 12    God:
Gold:   82         SH:  0    Dex:  9    Spells: 2 memorised, 5 levels left

rFire  . . .     SeeInvis .     a - +0 hand axe
rCold  . . .     Clarity  .     (armour unavailable)
rNeg   . . .     SustAt   .     (no shield)
rPois  .         Gourm    .     (helmet restricted)
rElec  .         Spirit   .     (no cloak)
rCorr  .         Warding  .     (no gloves)
rMut   .         Stasis   .     (no boots)
MR     .....                    (no amulet)
Stlth  +.........               (no ring)
                                (no ring)

@: not resistant to hostile enchantments, very unstealthy
A: unfitting armour, cold-blooded, AC +4
a: no special abilities


You were on level 2 of the Dungeon.
You were not hungry.

You visited 1 branch of the dungeon, and saw 2 of its levels.

You collected 82 gold pieces.

Inventory:

Hand weapons
 a - a +0 hand axe (weapon)
 h - a cursed -2 mace
Scrolls
 e - a scroll of teleportation
Potions
 c - a potion of lignification
 f - a potion of degeneration {unknown}
 i - 2 potions of brilliance {unknown}
 j - a potion of mutation {unknown}
Books
 b - a book of Minor Magic

   Spells                             Type                      Level
   a - Magic Dart                     Conjuration                  1
   b - Blink                          Translocation                2
   c - Call Imp                       Summoning                    2
   d - Repel Missiles                 Charms/Air                   2
   e - Slow                           Hexes                        2
   f - Conjure Flame                  Conjuration/Fire             3
   g - Mephitic Cloud                 Conjuration/Poison/Air       3
Comestibles
 d - a bread ration
 g - a beef jerky


   Skills:
 + Level 1.1 Fighting
 + Level 2.0 Maces & Flails
 + Level 1.0 Stealth
   Level 1.0 Shields
 + Level 3.8 Spellcasting
 + Level 0.6 Conjurations
   Level 2.0 Earth Magic


You had 5 spell levels left.
You knew the following spells:

 Your Spells              Type           Power        Failure   Level  Hunger
a - Magic Dart            Conj           #...         17%         1    #......
b - Call Imp              Summ           #.......     38%         2    ##.....


Dungeon Overview and Level Annotations

Branches:
Dungeon (2/15)

Altars:


Innate Abilities, Weirdness & Mutations

Your plain brown scales are hard (AC +4).
Your body does not fit into most forms of armour.
You are cold-blooded and may be slowed by cold attacks.


Message History

You tail-slap the worm, but do no damage.
The worm is heavily wounded.
The worm bites you but does no damage.
You completely miss the worm.
You tail-slap the worm, but do no damage.
The worm is heavily wounded.
The worm bites you!
* * * LOW HITPOINT WARNING * * *
You hit the worm.
The worm is heavily wounded.
You barely miss the worm.
The worm is heavily wounded.
The worm barely misses you.
You hit the worm.
The worm is heavily wounded.
The worm closely misses you.
You hit the worm but do no damage.
The worm is heavily wounded.
The worm bites you.
You die...

....?. .....
.. #.#.....#
###
#.#.#...#...
#.#.#.†.#.###
#.#.#........
.#.#w..<#
#.#@...#
#.#†#.##
#.#.#.#
#.#.#.#####
#...#.....#
#.###.#####.#
#.......).#.#
#####.....#.#
#.....#.#


You could see a worm.

Vanquished Creatures
  6 bats (D:1)
  3 goblins (D:1)
  2 hobgoblins
  5 kobolds
  A giant gecko (D:1)
  2 giant newts (D:1)
  2 rats (D:1)
21 creatures vanquished.

Vanquished Creatures (collateral kills)
  An adder (D:2)
1 creature vanquished.

Grand Total: 22 creatures vanquished

Notes
Turn   | Place    | Note
--------------------------------------------------------------
     0 | D:1      | Sirial the Draconian Wanderer began the quest for the Orb.
     0 | D:1      | Sirial set off with: a book of Minor Magic, a +0 hand axe, a potion of lignification, a bread ration
     0 | D:1      | Reached XP level 1. HP: 16/16 MP: 4/4
     2 | D:1      | Learned a level 1 spell: Magic Dart
   157 | D:1      | Reached XP level 2. HP: 23/23 MP: 4/6
   602 | D:1      | Learned a level 2 spell: Call Imp
   676 | D:2      | Slain by a worm

Vault maps used:
D:1:      minmay_arrival_diagonal_passages
D:2:      grunt_qazlal_sundering, serial_co_window_serial,
          co_window_of_opportunity_a, co_window_corner_a, co_window_paths_b,
          co_window_corner_a, co_window_of_opportunity_a, co_window_paths_a,
          co_window_paths_b, co_window_paths_b, co_window_corner_a,
          co_window_broadway_a, co_window_paths_c, co_window_corner_ca,
          co_window_cross_4, glass_columns_b, kennysheep_another_room,
          nemelex_xobeh_ov_fountains_minmay, uniq_iyjb, uniq_crazy_yiuf_cottage

Action                   || total
-------------------------++-------
Melee: Hand axe          ||    45
 Cast: Magic Dart        ||    26
       Call Imp          ||     1
  Use: Scroll            ||     2
 Stab: Sleeping          ||     1
